 Dungeon Crawl Stone Soup version 0.31-a0-237-g2d982f9f85 (webtiles) character file.

Game seed: 8450651870929914174

21 cforsyth the Ruffian (level 2, -2/27 HPs)
             Began as an Ogre Transmuter on July 11, 2023.
             Slain by a jackal (3 damage)
             ... on level 2 of the Dungeon.
             The game lasted 00:00:59 (1068 turns).

cforsyth the Ruffian (Ogre Transmuter)              Turns: 1068, Time: 00:00:59

Health: -2/27      AC:  3    Str: 13    XL:     2   Next: 83%
Magic:  5/5        EV:  9    Int: 14    God:
Gold:   120        SH:  0    Dex:  9    Spells: 4/5 levels left

rFire   . .          .
                       - Unarmed
rCold   . . .        (no shield)
rNeg    . . .        a - +0 robe
rPois   .            (helmet restricted)
rElec   .            (no cloak)
rCorr   .            (gloves unavailable)
SInv    .            (boots unavailable)
Will    .....        (no amulet)
Stlth   +            (no ring)
HPRegen 0.00/turn    (no ring)
MPRegen 0.09/turn

%: no passive effects
@: inhibited regen
A: large, unfitting armour, tough skin 1, talons 1, inhibited regeneration
a: no special abilities


You were on level 2 of the Dungeon.
You visited 1 branch of the dungeon, and saw 2 of its levels.

You collected 120 gold pieces.

Inventory:

Armour
 a - a +0 robe (worn)
Jewellery
 c - a +4 ring of slaying
Scrolls
 d - a scroll of teleportation {unknown}
 f - 2 scrolls of poison {unknown}
 g - a scroll of silence {unknown}
 h - a scroll of identify {unknown}
 i - a scroll of fog {unknown}
 j - a scroll of enchant armour {unknown}
Potions
 b - a potion of lignification


   Skills:
 - Level 1.3 Fighting
 - Level 1.7 Dodging
 + Level 3.6 Unarmed Combat
 - Level 2.4 Spellcasting
 - Level 1.7 Transmutations


You had 4 spell levels left.
You knew the following spells:

 Your Spells              Type           Power      Damage    Failure   Level
a - Beastly Appendage     Tmut           12%        N/A       11%         1

Your spell library contained the following spells:

 Spells                   Type           Power      Damage    Failure   Level
 Wereblood                Tmut           6%         N/A       17%         2
 Spider Form              Tmut/Pois      4%         N/A       43%         3
 Ice Form                 Ice/Tmut       4%         N/A       85%         4


Dungeon Overview and Level Annotations

Branches:
Dungeon (2/15)

Altars:

Annotations:
D:2 Natasha


Innate Abilities, Weirdness & Mutations

You are too large for most types of armour.
You have tough skin. (AC +1)
You have sharp toenails.
You do not regenerate when monsters are visible.


Message History

The jackal barely misses you.
You hit the bat.
You kill the bat!
Your horns disappear.
Your talons disappear.
The jackal bites you. x2
* * * LOW HITPOINT WARNING * * *
The jackal bites you.
* * * LOW HITPOINT WARNING * * *
The jackal attacks as you move away!
The jackal bites you but does no damage.
You see here a bat corpse.
The jackal attacks as you move away! The jackal barely misses you.
The jackal barely misses you. The jackal attacks as you move away!
The jackal barely misses you. The jackal attacks as you move away!
The jackal bites you but does no damage.
The jackal barely misses you. The jackal attacks as you move away!
The jackal bites you.
* * * LOW HITPOINT WARNING * * *
The jackal bites you but does no damage.
The jackal attacks as you move away! The jackal bites you.
* * * LOW HITPOINT WARNING * * *
The jackal bites you.
* * * LOW HITPOINT WARNING * * *
The jackal attacks as you move away! The jackal bites you.
* * * LOW HITPOINT WARNING * * *
There is an open door here.
Unknown command.
The jackal attacks as you move away! The jackal barely misses you.
The jackal attacks as you move away! The jackal barely misses you.
The jackal attacks as you move away! The jackal bites you.
* * * LOW HITPOINT WARNING * * *
The jackal attacks as you move away! The jackal bites you.
* * * LOW HITPOINT WARNING * * *
The jackal barely misses you.
Unknown command.
It was a potion of mutation.
You feel extremely strange.
Your regeneration stops near monsters.
Your toenails lengthen and sharpen.
The jackal bites you.
You die...

#######.##############
.........h...h........ .
.#.######.#..##.########
.#..#.# #.#..##h#
......######h#..##.##
......#......#..##..#
.#..#.#.h##########h##
......#....##...##h..##...
.#....#..###<.8.@hh8.)..8.>#
....hhhh...##...##...##...##
...#).#..##########.## ###
....).#..... #.#
...#..#..###.# ... .[
...#... .8.# . ....#..##
#...# .....#... >##
......#...


You could see 4 jackals.

Vanquished Creatures
  3 orcs (D:2)
  2 bats
  A hobgoblin (D:1)
  2 jackals (D:1)
  5 kobolds
  A quokka (D:1)
  A ball python (D:1)
  A frilled lizard (D:1)
16 creatures vanquished.

Notes
Turn   | Place    | Note
-------+----------+-------------------------------------------
     0 | D:1      | cforsyth the Ogre Transmuter began the quest for the Orb.
     0 | D:1      | Reached XP level 1. HP: 19/19 MP: 3/3
   365 | D:1      | Reached skill level 3 in Unarmed Combat
   475 | D:1      | Reached XP level 2. HP: 24/27 MP: 3/5
   971 | D:2      | Noticed Natasha
  1067 | D:2      | HP: 1/27 [jackal (3)]
  1068 | D:2      | Gained mutation: You do not regenerate when monsters are
                  | visible. [potion of mutation]
  1068 | D:2      | Gained mutation: You have sharp toenails. [potion of
                  | mutation]
  1068 | D:2      | Slain by a jackal

Illustrated notes

Levels and vault maps discovered:
D:1:      minmay_arrival_up_and_down, layout_loops_corners
D:2:      layout_basic, ebering_ecumenical_altar_rust, grunt_decor_fettered,
          minmay_misc_feat_more_columns, st_stairs_8, grunt_ministairs_5,
          uniq_natasha

Skill      XL: |  1 |
---------------+----+-----
Unarmed Combat | 3 |  3.6
Fighting       | |  1.3
Dodging        | |  1.7
Spellcasting   | |  2.4
Transmutations | |  1.7

Action                     || total
---------------------------++-------
  Melee: Unarmed           ||    34
         Kick              ||     5
         Punch             ||     2
         Headbutt          ||     2
   Cast: Beastly Appendage ||    13
    Use: Potion            ||     1
 Armour: Robe              ||    19
  Dodge: Dodged            ||    26

Table legend: (Time is in decaauts)
 A = Elapsed time spent in this place.
 B = Non-inter-level travel time spent in this place.
 C = Inter-level travel time spent in this place.
 D = Time resting spent in this place.
 E = Time spent auto-exploring this place.
 F = Levels seen in this place.
 G = Mean time per level.
                   A        B        C        D        E       F      G
               +--------+--------+--------+--------+--------+-----+--------+
         Total |   1066 |   1031 |     35 |      0 |    910 |   2 |  533.0 |
       Dungeon |   1066 |   1031 |     35 |      0 |    910 |   2 |  533.0 |
               +--------+--------+--------+--------+--------+-----+--------+

Top non-repeatable levels by time:
     D:1: 974 daAuts
     D:2: 91 daAuts
